 Dungeon Sprint DCSS version 0.29-a0-359-g541a27f54d (webtiles) character file.

Game seed: 13715575196698377165

193 Zeldest the Insei (level 5, 2/66 HPs)
             Began as a Demonspawn Transmuter on Apr 28, 2022.
             Quit the game in the Dungeon (Sprint IX: "|||||||||||||||||||||||||||||").
             The game lasted 00:00:25 (45 turns).

Zeldest the Insei (Demonspawn Transmuter)             Turns: 45, Time: 00:00:26

Health: 2/66       AC:  4    Str: 12    XL:     5   Next: 43%
Magic:  2/12       EV: 13    Int: 15    God:
Gold:   0          SH:  0    Dex: 13    Spells: 12/13 levels left

rFire   . . .      SeeInvis .     - Unarmed
rCold   . . .      Faith    .   (no shield)
rNeg    . . .      Spirit   .   a - +0 robe
rPois   .          Reflect  .   (helmet currently unavailable)
rElec   .          Harm     .   (no cloak)
rCorr   .          Rampage  .   (no gloves)
Will    .....      NoTele   +   (boots currently unavailable)
Stlth   ..........              (no amulet)
HPRegen 0.21/turn               (no ring)
MPRegen 0.13/turn               (no ring)

@: berserking (expiring), appendages, very quick
A: horns 2, talons 2, slimy green scales 1, foul stench 1
a: End Transformation


You were in the Dungeon.
You had temporarily grown beastly horns and talons.
You visited 1 branch

Inventory:

Armour
 a - a +0 robe (worn)
Scrolls
 h - a scroll of blinking
Potions
 b - a potion of lignification
 c - a potion of curing
 d - a potion of heal wounds
 e - a potion of haste
 f - 2 potions of magic


   Skills:
 + Level 5.0 Fighting
 + Level 4.8 Dodging
 + Level 5.3 Unarmed Combat
 + Level 4.9 Spellcasting
 + Level 4.8 Transmutations


You had 12 spell levels left.
You knew the following spells:

 Your Spells              Type           Power      Damage    Failure   Level
a - Beastly Appendage     Tmut           36%        N/A       2%          1

Your spell library contained the following spells:

 Spells                   Type           Power      Damage    Failure   Level
 Wereblood                Tmut           18%        N/A       3%          2
 Spider Form              Tmut/Pois      11%        N/A       19%         3
 Ice Form                 Ice/Tmut       11%        N/A       52%         4


Dungeon Overview and Level Annotations

Branches:
Dungeon (1/1)

Altars:


Innate Abilities, Weirdness & Mutations

You have temporarily grown beastly horns and talons.
You are partially covered in slimy green scales. (AC +2)
You may rarely emit foul miasma when damaged in melee.


Message History

Your Dodging skill increases to level 3!
Your Unarmed Combat skill increases to level 4!
Your Spellcasting skill gained 2 levels and is now at level 4!
Your Transmutations skill increases to level 3!
You have reached level 2!
Your demonic ancestry asserts itself...
You begin to emit a foul stench of rot and decay.
You have reached level 3!
Your experience leads to an increase in your attributes!
Increase (S)trength, (I)ntelligence, or (D)exterity?
You feel stronger. x2
You have reached level 4!
You feel clever.
You punch the quokka!
You kill the quokka!
You punch the adder!
You kill the adder!
Your Fighting skill increases to level 4!
Your Dodging skill increases to level 4!
Your Transmutations skill increases to level 4!
There is an open door, spattered with blood here.
Things that are here:
a +0 hand axe; a quokka corpse; a black bear corpse You hit the ogre.
Your kick misses the ogre. Your headbutt misses the ogre.
The ogre is moderately wounded.
The ogre hits you with a +0 giant spiked club!!
Ouch! That really hurt!
* * * LOW HITPOINT WARNING * * *
You punch the ogre! You claw the ogre.
The ogre is almost dead.
You barely miss the ogre. Your kick misses the ogre.
The ogre is almost dead.
You completely miss the ogre. You headbutt the ogre.
You kill the ogre!
Your Fighting skill increases to level 5!
Your Unarmed Combat skill increases to level 5!
You have reached level 5!
Your demonic ancestry asserts itself...
Slimy green scales grow over part of your body.
Are you sure you want to abandon this character and quit the game? (Confirm with "yes".)

▓+▓
▓.▓
▓.▓
▓.▓
▓.▓
▓)▓
▓@▓
▓.▓
▓.▓
▓.▓
▓.▓
▓.▓
▓†▓
▓.▓
▓.▓


There were no monsters in sight!

Vanquished Creatures
  A black bear (D)
  An ogre (D)
  An adder (D)
  An orc (D)
  2 bats (D)
  2 giant cockroaches (D)
  A quokka (D)
  A rat (D)
10 creatures vanquished.

Notes
Turn   | Place    | Note
-------+----------+-------------------------------------------
     0 | D        | Zeldest the Demonspawn Transmuter began the quest for the
                  | Orb.
     0 | D        | Reached XP level 1. HP: 15/15 MP: 3/3
    32 | D        | Noticed an ogre
    32 | D        | Noticed a black bear
    37 | D        | Killed a black bear
    38 | D        | Gained mutation: You may rarely emit foul miasma when
                  | damaged in melee. [demonic ancestry]
    38 | D        | Reached XP level 2. HP: 22/25 MP: 2/7
    38 | D        | Reached XP level 3. HP: 27/30 MP: 2/8
    38 | D        | Reached XP level 4. HP: 33/37 MP: 2/10
    41 | D        | HP: 1/55 [ogre/+0 giant spiked club (32)]
    44 | D        | Killed an ogre
    45 | D        | Reached skill level 5 in Fighting
    45 | D        | Reached skill level 5 in Unarmed Combat
    45 | D        | Gained mutation: You are partially covered in slimy green
                  | scales. (AC +2) [demonic ancestry]
    45 | D        | Reached XP level 5. HP: 2/44 MP: 2/12
    45 | D        | Quit the game

Illustrated notes

Levels and vault maps discovered:
D:        linesprint [early_d, line_temple, items_1, d_10, items_2, lair_1,
          lair_end, items_3, orc_1, orc_end, items_4, d_15, swamp_1, shoals_1,
          snake_1, spider_1, d_20, vaults_1, items_5, swamp_end, shoals_end,
          snake_end, spider_end, vaults_end, d_27, items_6, zot_1, zot_end,
          crypt_end, forest_end, elf_end, slime_end, tomb_end, abyss_end,
          pan_hell_end]

Skill      XL: |  1  2  3  4 |
---------------+-------------+-----
Dodging        | 3 4 |  4.8
Transmutations | 3 4 |  4.8
Unarmed Combat | 4 5 |  5.3
Fighting       | 3 5 |  5.0
Spellcasting   | 4 |  4.9

Action                   |  1- 3 |  4- 6 || total
-------------------------+-------+-------++-------
Melee: Unarmed           |    24 |     6 ||    30
       Headbutt          |     5 |     1 ||     6
       Kick              |     3 |     1 ||     4
 Cast: Beastly Appendage |     2 |       ||     2
  Use: Potion            |     1 |       ||     1
Armor: Robe              |     5 |       ||     5
Dodge: Dodged            |    22 |       ||    22

Table legend: (Time is in decaauts)
 A = Elapsed time spent in this place.
 B = Non-inter-level travel time spent in this place.
 C = Inter-level travel time spent in this place.
 D = Time resting spent in this place.
 E = Time spent auto-exploring this place.
 F = Levels seen in this place.
 G = Mean time per level.
                   A        B        C        D        E       F      G
               +--------+--------+--------+--------+--------+-----+--------+
         Total |     39 |     39 |      0 |      0 |      0 |   1 |   39.0 |
       Dungeon |     39 |     39 |      0 |      0 |      0 |   1 |   39.0 |
               +--------+--------+--------+--------+--------+-----+--------+

Top non-repeatable levels by time:
       D: 39 daAuts
